Map: Kairos Junction LE

Players

DoctorDrones

  • Race: Zerg Zerg
  • League: Master
  • Spawn Location: 5:00

Matiz - Winner!

  • Race: Zerg Zerg
  • League: Master
  • Spawn Location: 11:00

VOD

Have the link to the VOD?

Description

Time

  • Played on: Nov. 21, 2018, 8:39 a.m.
  • Length: 6:57
Show
View Real Time Build Order
Export as new Build Order

DoctorDrones Zerg 

Build Orders: Hatch First 

Get SALT Encoding   

  12  0:00  Drone  
  13  0:12  Overlord  
  13  0:16  Drone  
  14  0:30  Drone x2  
  16  0:49  Hatchery  
  15  0:52  Drone  
  15  0:56  Drone  
  17  1:00  Extractor  
  16  1:12  Spawning Pool  
  16  1:15  Drone  
  16  1:19  Drone  
  16  1:21  Drone  
  18  1:28  Drone  
  19  1:39  Overlord  
  19  1:59  Queen  
  19  2:00  Zergling x2  
  22  2:01  Zergling x4  
  22  2:05  Spine Crawler  
  23  2:11  Baneling Nest  
  22  2:28  Zergling x2  
  23  2:40  Metabolic Boost  
  23  2:48  Extractor  
  23  2:49  Zergling x4  
  25  2:55  Baneling  
  25  3:00  Zergling x4  
  26  3:06  Baneling  
  26  3:12  Queen  
  25  3:14  Zergling x2  
  25  3:18  Drone  
  29  3:26  Overlord  
  29  3:30  Extractor, Drone  
  30  3:39  Overlord  
  30  3:45  Drone x2  
  30  3:47  Drone  
  33  3:54  Drone  
  34  3:59  Baneling  
  34  4:04  Drone  
  35  4:16  Hatchery  
  33  4:22  Evolution Chamber  
  32  4:26  Drone x2  
  34  4:31  Drone  
  34  4:35  Drone  
  36  4:43  Drone x3  
  37  4:51  Zerg Missile Weapons Level 1  
  36  5:09  Baneling  
  36  5:12  Drone x3  
  36  5:13  Drone x2  
  40  5:19  Baneling  
  40  5:24  Roach Warren  
  40  5:28  Drone  
  40  5:29  Drone  
  40  5:34  Drone  
  42  5:35  Extractor  
  42  5:36  Extractor  
  42  5:37  Drone x2  
  42  5:39  Drone x2  
  42  5:42  Lair  
  44  5:52  Drone x2  
  46  5:58  Drone  
  46  6:01  Drone x2  
  46  6:03  Hatchery  
  48  6:07  Drone x2  
  48  6:09  Drone  
  51  6:18  Overlord  
  51  6:20  Overlord  
  51  6:27  Overlord  
  51  6:33  Evolution Chamber x2  
  51  6:34  Roach  
  51  6:35  Evolution Chamber  
  51  6:37  Roach x3  
  56  6:45  Spine Crawler  
  60  6:47  Spine Crawler  
  60  6:48  Evolution Chamber  
  60  6:51  Evolution Chamber  
Show
View Real Time Build Order
Export as new Build Order

Matiz Zerg - Winner!

Build Orders: 1 Base Baneling Bust, Pool First 

Get SALT Encoding   

  12  0:02  Drone  
  13  0:15  Extractor  
  12  0:25  Spawning Pool  
  11  0:29  Drone  
  11  0:34  Drone  
  13  0:39  Drone  
  14  0:50  Overlord  
  14  1:14  Zergling x2, Metabolic Boost  
  14  1:15  Zergling x4  
  17  1:32  Zergling x2  
  18  1:34  Baneling Nest  
  17  1:40  Zergling x2  
  18  1:48  Zergling x2  
  19  2:02  Zergling x2  
  20  2:09  Zergling x2  
  21  2:16  Hatchery  
  21  2:19  Baneling x2  
  21  2:22  Baneling  
  20  2:31  Overlord  
  20  2:40  Drone x2  
  22  2:53  Queen  
  24  3:03  Drone x2  
  25  3:14  Drone  
  26  3:25  Drone  
  27  3:28  Queen  
  29  3:36  Drone x2  
  31  3:52  Drone x2  
  31  3:53  Drone  
  34  3:55  Overlord  
  34  4:09  Hatchery  
  33  4:19  Drone x2  
  33  4:21  Drone x3  
  38  4:28  Drone  
  38  4:29  Drone  
  40  4:33  Zergling x2  
  40  4:34  Zergling x4  
  40  4:35  Baneling x3  
  42  4:48  Extractor  
  42  4:51  Overlord, Drone  
  42  4:52  Drone  
  42  5:10  Overlord  
  42  5:12  Drone x5  
  42  5:13  Roach Warren  
  45  5:23  Queen  
  45  5:24  Overlord  
  47  5:36  Overlord  
  47  5:48  Overlord  
  47  5:54  Roach x2  
  47  5:55  Roach x8  
  67  5:58  Roach  
  69  6:05  Roach x2  
  69  6:08  Zergling x2  
  69  6:09  Zergling x4  
  76  6:14  Zergling x2  
  77  6:21  Zergling x4  
  77  6:22  Zergling x8  
  83  6:25  Baneling  
  83  6:26  Baneling x4  
  83  6:29  Baneling x3  
  83  6:32  Zergling x2  
  84  6:37  Overlord  
  84  6:38  Baneling x2  
Tags
 
Add a new tag
Caveats
  • Supply blocks, unpowered buildings, or Contaminate may cause inaccurate times.
  • Supply counts are checked every 10 seconds.